 Dungeon Crawl Stone Soup version 0.29.0-4-gdea44cf6ec (webtiles) character file.

Game seed: 4311718860710762238

133 qw the Chopper (level 5, 0/30 HPs)
             Began as a Tengu Warper on Aug 28, 2022.
             Slain by a gnoll
             ... wielding a +0 whip
              (1 damage)
             ... on level 3 of the Dungeon.
             The game lasted 00:00:17 (2672 turns).

qw the Chopper (Tengu Warper)                       Turns: 2672, Time: 00:00:17

Health: 0/30       AC:  8    Str: 13    XL:     5   Next: 16%
Magic:  9/9        EV:  7    Int: 13    God:
Gold:   112        SH:  0    Dex: 14    Spells: 8/8 levels left

rFire   . . .      SeeInvis .   Y - +1 hand axe
rCold   . . .      Faith    .   (no shield)
rNeg    . . .      Spirit   .   d - +0 chain mail
rPois   .          Reflect  .   (helmet restricted)
rElec   .          Harm     .   (no cloak)
rCorr   .          Rampage  .   (no gloves)
Will    .....                   (boots unavailable)
Stlth   ..........              (no amulet)
HPRegen 0.10/turn               (no ring)
MPRegen 0.11/turn               (no ring)

@: flying quickly and evasively, quick
A: beak, talons 3, nimble flight
a: no special abilities


You were on level 3 of the Dungeon.
You visited 1 branch of the dungeon, and saw 3 of its levels.

You collected 112 gold pieces.


Innate Abilities, Weirdness & Mutations

You have a beak for a mouth.
You have claws for feet.
Your magical nature lets you fly swiftly and evasively.


   Skills:
 - Level 2.0 Fighting
 + Level 5.7 Axes
 - Level 1.0 Throwing
 - Level 1.1 Armour
 - Level 2.1 Dodging
 - Level 2.0 Spellcasting
 - Level 2.4 Translocations


You had 8 spell levels left.
You didn't know any spells.
Your spell library contained the following spells:

 Spells                   Type           Power      Damage    Failure   Level
 Blink                    Tloc           14%        N/A       99%         2
 Gell's Gravitas          Tloc           7%         N/A       100%        3
 Lesser Beckoning         Tloc           7%         N/A       100%        3
 Teleport Other           Tloc           7%         N/A       100%        3
 Manifold Assault         Tloc           7%         N/A       100%        5

Inventory:

Hand Weapons
 f - a +0 whip
 Y - a +1 hand axe (weapon)
Armour
 d - a +0 chain mail (worn)
Scrolls
 b - a scroll of vulnerability {unknown}
Potions
 a - a potion of cancellation {unknown}
 c - 3 potions of curing
 h - a potion of might

Dungeon Overview and Level Annotations

Branches:
Dungeon (3/15)

Altars:

Shops:
D:1 [


Message History

You hit the gnoll but do no damage.
The gnoll is almost dead.
You barely miss the hobgoblin. The gnoll hits you with a +0 spear.
The hobgoblin completely misses you.
You hit the gnoll.
You kill the gnoll!
You hit the hobgoblin.
The hobgoblin hits you but does no damage.
You have reached level 5!
Your magical nature develops, letting you fly swiftly and evasively.
You hit the hobgoblin.
You kill the hobgoblin!
You hit the gnoll. You hit the gnoll but do no damage.
The gnoll hits you but does no damage. The gnoll hits you with a +0 whip.
You barely miss the gnoll. Your kick misses the gnoll. You peck the gnoll.
The gnoll is moderately wounded.
You closely miss the gnoll. The gnoll hits you with a +0 flail.
The gnoll closely misses you. The gnoll hits you with a +0 flail.
A gnoll comes into view. It is wielding a +0 spear.
The gnoll hits you but does no damage.
You hit the gnoll. Your peck misses the gnoll.
The gnoll is almost dead.
You hit the gnoll. The gnoll barely misses you.
The gnoll closely misses you. x2
You closely miss the gnoll.
The gnoll is almost dead.
You closely miss the gnoll. The gnoll completely misses you.
The gnoll hits you with a +0 flail. The gnoll hits you with a +0 whip.
You hit the gnoll.
You kill the gnoll!
You hit the gnoll.
The gnoll hits you but does no damage. x2
An orc comes into view. It is wielding a +0 hand axe.
An orc priest comes into view. It is wielding a +0 dagger.
You hit the gnoll. You peck the gnoll.
The gnoll is almost dead.
The gnoll hits you with a +0 whip.
You die...

#....... #.#.#.. ..
#....... ..#... #.##..
.## #.#.#.#...#!# ..##
###...#... .o.
#..######.#.#[#.# ..#
##..#...%...#...##.#
#.....###.#.#.#....
......#
###...##.###.##o
......# #.#..)@gr.....
........
...##g###.###.#
..........#.......[..g
##........##[###.###.#
#..........#. ..# #
#.......... . .#
...... .. .# ... . ...
..


You could see an orc priest, 2 gnolls, an orc and a rat.

Vanquished Creatures
  2 gnolls (D:3)
  5 adders
  3 dart slugs
  4 ball pythons (D:1)
  6 endoplasms
  3 giant cockroaches (D:1)
  7 goblins
  7 hobgoblins
  7 kobolds
  4 quokkas (D:2)
  4 bats
  2 frilled lizards (D:1)
  10 rats
64 creatures vanquished.

Notes
Turn   | Place    | Note
-------+----------+-------------------------------------------
     0 | D:1      | qw the Tengu Warper began the quest for the Orb.
     0 | D:1      | Reached XP level 1. HP: 12/12 MP: 4/4
     0 | D:1      | 0 ||| qw: Version: 0.1-a-89-g26bdef1
     0 | D:1      | 0 ||| qw: Game counter: 1447
     0 | D:1      | 0 ||| qw: Always use a shield: true
     0 | D:1      | 0 ||| qw: God list: Okawaru
     0 | D:1      | 0 ||| qw: Allow faded altars: false
     0 | D:1      | 0 ||| qw: Do Orc after D:15 true
     0 | D:1      | 0 ||| qw: Do second Lair branch before Depths: true
     0 | D:1      | 0 ||| qw: Lair rune preference: random
     0 | D:1      | 0 ||| qw: Plans: Normal
     0 | D:1      | 0 ||| PLANNING D:1-11
   102 | D:1      | 102 ||| Stepping ~*~*~tactically~*~*~ (water).
   272 | D:1      | 272 ||| DROPPING +0 club.
   505 | D:1      | Reached XP level 2. HP: 17/17 MP: 6/6
   513 | D:1      | Reached skill level 3 in Axes
   730 | D:1      | 730 ||| Stepping ~*~*~tactically~*~*~ (stealth).
   872 | D:1      | Reached XP level 3. HP: 21/21 MP: 7/7
   969 | D:1      | Found a faded altar of an unknown god.
  1043 | D:1      | Found Pexinoconu's Armour Boutique.
  1046 | D:1      | 1046 ||| SHOPLISTING +0 pair of gloves (58 gold, have 50).
  1046 | D:1      | 1046 ||| SHOPLISTING +0 plate armour (299 gold, have 50).
  1046 | D:1      | 1046 ||| SHOPLISTING +2 fire dragon scales (936 gold, have
                  | 50).
  1046 | D:1      | 1046 ||| SHOPLISTING +4 leather armour of the Onion {Drain
                  | rElec Dex+9 Slay+2} (750 gold, have 50).
  1151 | D:1      | Reached skill level 4 in Axes
  1222 | D:1      | 1222 ||| UPGRADING to +0 chain mail.
  1232 | D:1      | 1232 ||| DROPPING +0 leather armour.
  1233 | D:1      | 1233 ||| DROPPING ring of magical power.
  1234 | D:1      | 1234 ||| READING scroll labelled BYINEGYGRY.
  1235 | D:1      | 1235 ||| READING scroll labelled UNLAUS FAWNUV.
  1238 | D:1      | 1238 ||| DROPPING scroll of blinking.
  1261 | D:2      | 1261 ||| STAIRDANCE
  1610 | D:2      | 1610 ||| Stepping ~*~*~tactically~*~*~ (hiding).
  1732 | D:2      | Reached XP level 4. HP: 26/26 MP: 8/8
  1816 | D:2      | 1816 ||| FLEEEEING.
  1817 | D:2      | 1817 ||| FLEEEEING.
  1818 | D:2      | 1818 ||| FLEEEEING.
  1819 | D:2      | 1819 ||| FLEEEEING.
  1820 | D:2      | 1820 ||| FLEEEEING.
  1821 | D:2      | 1821 ||| FLEEEEING.
  1822 | D:2      | 1822 ||| FLEEEEING.
  1823 | D:2      | 1823 ||| FLEEEEING.
  1824 | D:2      | 1824 ||| FLEEEEING.
  1825 | D:2      | 1825 ||| FLEEEEING.
  1826 | D:2      | 1826 ||| FLEEEEING.
  1827 | D:2      | 1827 ||| FLEEEEING.
  1828 | D:2      | 1828 ||| FLEEEEING.
  1829 | D:2      | 1829 ||| FLEEEEING.
  1834 | D:2      | 1834 ||| FLEEEEING.
  1835 | D:2      | 1835 ||| FLEEEEING.
  1848 | D:2      | 1848 ||| FLEEEEING.
  1850 | D:2      | 1850 ||| FLEEEEING.
  1851 | D:2      | 1851 ||| FLEEEEING.
  1852 | D:2      | 1852 ||| FLEEEEING.
  1856 | D:2      | 1856 ||| FLEEEEING.
  1857 | D:2      | 1857 ||| FLEEEEING.
  1858 | D:2      | 1858 ||| FLEEEEING.
  1863 | D:2      | 1863 ||| FLEEEEING.
  1864 | D:2      | 1864 ||| FLEEEEING.
  1868 | D:2      | 1868 ||| FLEEEEING.
  1869 | D:2      | 1869 ||| FLEEEEING.
  1870 | D:2      | 1870 ||| FLEEEEING.
  1871 | D:2      | 1871 ||| FLEEEEING.
  1872 | D:2      | 1872 ||| FLEEEEING.
  1873 | D:2      | 1873 ||| FLEEEEING.
  1874 | D:2      | 1874 ||| FLEEEEING.
  1875 | D:2      | 1875 ||| FLEEEEING.
  1876 | D:2      | 1876 ||| FLEEEEING.
  1884 | D:2      | 1884 ||| STAIRDANCE
  1920 | D:1      | 1920 ||| READING scroll labelled WERANA TIEBO.
  1921 | D:1      | 1921 ||| READING scroll labelled SARPHO OPRAF.
  1922 | D:1      | 1922 ||| DRINKING 3 pink potions.
  1976 | D:2      | Reached skill level 5 in Axes
  2048 | D:2      | 2048 ||| Stepping ~*~*~tactically~*~*~ (hiding).
  2519 | D:2      | 2519 ||| DRINKING 2 fizzy cyan potions.
  2528 | D:3      | 2528 ||| STAIRDANCE
  2533 | D:3      | 2533 ||| STAIRDANCE
  2545 | D:3      | 2545 ||| STAIRDANCE
  2660 | D:3      | 2660 ||| Stepping ~*~*~tactically~*~*~ (hiding).
  2667 | D:3      | Gained mutation: Your magical nature lets you fly swiftly
                  | and evasively. [Tengu growth]
  2667 | D:3      | Reached XP level 5. HP: 18/30 MP: 9/9
  2668 | D:3      | HP: 6/30 [gnoll/+0 flail (6)]
  2670 | D:3      | HP: 1/30 [gnoll/+0 whip (2)]
  2672 | D:3      | Slain by a gnoll

Levels and vault maps discovered:
D:1:      dpeg_arrival_castle, layout_basic, serial_shops,
          nicolae_shop_behind_doors, hellmonk_ecumenical_altar_heavens_door
D:2:      layout_loops_corners, corexii_corridor_pit,
          hangedman_abyss_or_decor_stabs, amcnicky_mini_corridor_feature,
          minmay_misc_feat_nine_boxes
D:3:      layout_basic, nicolae_ru_great_annihilating_truth,
          nicolae_concentric_dashed_squares_mild, uniq_natasha

Skill      XL: |  1  2  3  4 |
---------------+-------------+-----
Axes           | 3 4 5 |  5.7
Fighting       | |  2.0
Throwing       | |  1.0
Armour         | |  1.1
Dodging        | |  2.1
Spellcasting   | |  2.0
Translocations | |  2.4

Action                   |  1- 3 |  4- 6 || total
-------------------------+-------+-------++-------
Melee: Hand axe          |    69 |    63 ||   132
       Kick              |    20 |    10 ||    30
       Peck              |    10 |    15 ||    25
       Punch             |     1 |       ||     1
Throw: Boomerang         |     7 |       ||     7
  Use: Scroll            |     2 |     2 ||     4
       Potion            |       |     2 ||     2
Armor: Leather armour    |     9 |       ||     9
       Chain mail        |    12 |    38 ||    50
Dodge: Dodged            |    32 |    21 ||    53

Table legend:
 A = Non-vault XP
 B = Vault XP
 C = Vault XP percentage of total XP
 D = Non-vault monster count
 E = Vault monster count
 F = Vault count percentage of total count
                 A         B        C        D         E       F
            +---------+---------+-------+---------+---------+-------
      Total |     190 |       0 |   0.0 |      64 |       0 |   0.0
            +---------+---------+-------+---------+---------+-------
        D:1 |      59 |       0 |   0.0 |      30 |       0 |   0.0
        D:2 |      94 |       0 |   0.0 |      26 |       0 |   0.0
        D:3 |      37 |       0 |   0.0 |       8 |       0 |   0.0
            +---------+---------+-------+---------+---------+-------
